 Dungeon Crawl Stone Soup version 0.30-a0-570-g486de37d69 (webtiles) character file.

Game seed: 1712790856808664824

154 sanka the Firebug (level 5, -1/45 HPs)
             Began as an Ogre Fire Elementalist on Dec 29, 2022.
             Succumbed to a scorpion's poison
             ... on level 3 of the Dungeon.
             The game lasted 00:04:20 (2267 turns).

sanka the Firebug (Ogre Fire Elementalist)          Turns: 2267, Time: 00:04:21

Health: -1/45      AC:  4    Str: 14    XL:     5   Next: 35%
Magic:  2/10       EV:  9    Int: 16    God:
Gold:   116        SH:  0    Dex:  9    Spells: 5/11 levels left

rFire   . . .      SeeInvis .    k - +1 long sword (elec)
rCold   . . .      Faith    .    (no shield)
rNeg    . . .      Spirit   .    a - +0 robe
rPois   .          Reflect  .    (helmet restricted)
rElec   .          Harm     .    o - +0 cloak
rCorr   .          Rampage  .    (gloves unavailable)
Will    +....                    (boots unavailable)
Stlth   +                        (no amulet)
HPRegen 0.27/turn                (no ring)
MPRegen 0.12/turn                f - ring of willpower

@: lethally poisoned (-1 -> -22), flying
A: large, unfitting armour, tough skin 1
a: no special abilities


You were on level 3 of the Dungeon.
You visited 1 branch of the dungeon, and saw 3 of its levels.

You collected 116 gold pieces.


Innate Abilities, Weirdness & Mutations

You are too large for most types of armour.
You have tough skin. (AC +1)


   Skills:
 - Level 1.7 Dodging
 - Level 1.4 Stealth
 + Level 3.5 Spellcasting
 + Level 2.3 Conjurations
 + Level 1.2 Translocations
 + Level 3.5 Fire Magic
 + Level 1.2 Air Magic


You had 5 spell levels left.
You knew the following spells:

 Your Spells              Type           Power      Damage    Failure   Level
i - Kindle Blastsparks    Fire/Tloc/Air  18%        2d11      22%         3
u - Scorch                Fire           28%        2d6       6%          2
y - Foxfire               Conj/Fire      48%        2x1d6     5%          1

Your spell library contained the following spells:

 Spells                   Type           Power      Damage    Failure   Level
 Inner Flame              Hex/Fire       8%         N/A       26%         3
 Flame Wave               Conj/Fire      12%        2d6       47%         4

Inventory:

Hand Weapons
 c - a +1 dagger of speed
 k - a +1 long sword of electrocution (weapon)
Armour
 a - a +0 robe (worn)
 o - a +0 cloak (worn)
Jewellery
 f - a ring of willpower (right hand)
Scrolls
 h - a scroll of identify {unknown}
 j - a scroll of amnesia {unknown}
 l - a scroll of enchant weapon {unknown}
 m - a scroll of immolation {unknown}
 n - 2 scrolls of noise {unknown}
 q - a scroll of silence {unknown}
 r - a scroll of magic mapping {unknown}
 s - a scroll of fear {unknown}
Potions
 b - 3 potions of magic
 e - a potion of cancellation {unknown}
 g - a potion of ambrosia {unknown}

Dungeon Overview and Level Annotations

Branches:
Dungeon (3/15)

Altars:
Okawaru

Shops:
D:2

?
.........▒▒▒▒▒.▒.........
▒........▒ ▒...▒▒▒▒▒▒▒.
▒....▒.▒.▒ ▒.▒.▒ ▒▒▒ ▒.
▒▒... ▒.▒.▒ ▒.▒.▒▒▒▒▒▒▒.
.... ..▒†▒ ▒.▒...'_'...
▒▒...▒▒▒▒.▒ ▒.▒.▒▒▒'▒▒▒.
▒...▒ ▒.▒ ▒.▒.▒ ▒.▒ ▒.
▒▒(...▒▒▒.▒ ▒.▒.▒▒▒.▒▒▒.
......v.O.▒ ▒▒.▒.........
▒...>...▒▒▒▒▒.▒.▒.▒▒▒.▒.▒
.......†s▒▒▒.▒▒▒..▒ ▒.▒..
.........+....▒..........
.........▒▒▒▒....▒▒▒▒.▒▒▒
▒.......▒▒ ▒▒.▒.▒ ▒.▒
▒▒.....▒▒ ▒▒▒.▒ ▒.▒
▒▒...▒ ..▒ .. ▒▒+▒ ▒▒▒


There were no monsters in sight!


Message History

The scorpion is moderately wounded.
Unknown command.
Unknown command.
It was a potion of flight.
You feel very buoyant.
You fly up into the air.
* * * LOW HITPOINT WARNING * * *
You feel extremely sick.
The foxfire hits the scorpion but does no damage.
The scorpion is moderately wounded.
The scorpion stings you.
* * * LOW HITPOINT WARNING * * *
Unknown command.
It was a potion of curing.
The scorpion stings you.
* * * LOW HITPOINT WARNING * * *
You are poisoned.
The scorpion poisons you!
Unknown command.
You conjure some foxfire!
* * * LOW HITPOINT WARNING * * *
You feel very sick. The scorpion stings you.
* * * LOW HITPOINT WARNING * * *
You are more poisoned.
The scorpion poisons you!
The scorpion stings you but does no damage.
Unknown command.
Your foxfire dissipates!
You die...

Action                   |  1- 3 |  4- 6 || total
-------------------------+-------+-------++-------
Melee: Dagger            |    23 |       ||    23
       Unarmed           |     1 |       ||     1
       Long sword        |     5 |       ||     5
 Cast: Foxfire           |    42 |     7 ||    49
  Use: Potion            |       |     3 ||     3
Armor: Robe              |    14 |     1 ||    15
Dodge: Dodged            |    12 |     8 ||    20

Levels and vault maps discovered:
D:1:      ldierk_walled_garden_2, layout_loops_corners
D:2:      layout_rooms, serial_shops,
          nicolae_shop_temple_entry_statues_fountains
D:3:      layout_loops_corners, lemuel_doored_altar,
          mainiacjoe_overflow_divided_tiny, uniq_natasha

Notes
Turn   | Place    | Note
-------+----------+-------------------------------------------
     0 | D:1      | sanka the Ogre Fire Elementalist began the quest for the
                  | Orb.
     0 | D:1      | Reached XP level 1. HP: 16/16 MP: 3/3
   217 | D:1      | Reached skill level 3 in Spellcasting
   217 | D:1      | Reached skill level 1 in Conjurations
   310 | D:1      | Reached XP level 2. HP: 24/24 MP: 3/6
  1054 | D:2      | Reached skill level 3 in Fire Magic
  1483 | D:2      | Reached XP level 3. HP: 31/31 MP: 1/7
  1603 | D:2      | Found Woboel's Magic Scroll Shop.
  1955 | D:3      | Learned a level 2 spell: Scorch
  1959 | D:3      | Learned a level 3 spell: Kindle Blastsparks
  2109 | D:3      | Noticed Natasha
  2115 | D:3      | Killed Natasha
  2200 | D:3      | Found an iron altar of Okawaru.
  2223 | D:3      | Noticed a scorpion
  2223 | D:3      | Noticed a water moccasin
  2251 | D:3      | Reached XP level 4. HP: 39/39 MP: 8/8
  2261 | D:3      | Killed a water moccasin
  2262 | D:3      | Reached skill level 2 in Conjurations
  2262 | D:3      | Reached skill level 1 in Translocations
  2262 | D:3      | Reached skill level 1 in Air Magic
  2262 | D:3      | Reached XP level 5. HP: 32/45 MP: 4/10
  2264 | D:3      | HP: 4/45 [scorpion (1)]
  2267 | D:3      | Succumbed to a scorpion's poison

Vanquished Creatures
  A water moccasin (D:3)
  Natasha (D:3)
  A worm (D:2)
  3 dart slugs
  2 endoplasms
  2 giant cockroaches
  2 goblins
  A hobgoblin (D:1)
  4 kobolds
  A quokka (D:2)
  2 ball pythons (D:1)
  3 bats
  A frilled lizard (D:2)
  A rat (D:1)
25 creatures vanquished.

Vanquished Creatures (others)
  80 foxfires
  4 toadstools (D:1)
84 creatures vanquished.

Grand Total: 109 creatures vanquished
